| TOP OF THE 1ST |
|
Kannapolis Intimidators batting - Pitching for Clinton LumberKings : LHP Andy Mathis
|
|
Pitching: LHP Andy Mathis
|
|
|
Batting: RHB Kunimatsu Oya
|
0-0: Foul Ball, location: 2F 0-1: Ball 1-1: Foul Ball, location: 2F 1-2: Ball 2-2: Ball 3-2: Ground out 5-3 (Groundball, 56S, EV 81.2 MPH)
|
|
Batting: SHB Andres Agudo
|
0-0: Swinging Strike 0-1: Swinging Strike 0-2: Strikes out swinging
|
|
Batting: RHB Tony Garcia
|
0-0: Swinging Strike 0-1: Ball 1-1: Ground out 5-3 (Groundball, 56, EV 80.6 MPH)
|
| Top of the 1st over - 0 runs, 0 hits, 0 errors, 0 left on base; Kannapolis 0 - Clinton 0 |
| BOTTOM OF THE 1ST |
|
Clinton LumberKings batting - Pitching for Kannapolis Intimidators : RHP Alje Velders
|
|
Pitching: RHP Alje Velders
|
|
|
Now in LF: Jose Pereyra
|
|
|
Now in RF: Miguel Pacheco
|
|
|
Batting: LHB Chang Huie
|
0-0: Foul Ball, location: 2F 0-1: Called Strike 0-2: Ball 1-2: Foul Ball, location: 2F 1-2: Strikes out swinging
|
|
Batting: RHB Heitaro Tanaka
|
0-0: SINGLE (Groundball, 4, EV 95.6 MPH)
|
|
Batting: LHB Taki Matsui
|
0-0: Called Strike 0-1: 2-RUN HOME RUN (Flyball, 7D, EV 99.4 MPH), Distance : 391 ft
|
|
Batting: RHB Josh Ruhl
|
0-0: Swinging Strike 0-1: Ball 1-1: Foul Ball, location: 2F 1-2: Strikes out looking
|
|
Batting: LHB Nick McGraw
|
0-0: Ball 1-0: Ground out 4-3 (Groundball, 4, EV 84.4 MPH)
|
| Bottom of the 1st over - 2 runs, 2 hits, 0 errors, 0 left on base; Kannapolis 0 - Clinton 2 |
| TOP OF THE 2ND |
|
Kannapolis Intimidators batting - Pitching for Clinton LumberKings : LHP Andy Mathis
|
|
Batting: RHB Corey Dalton
|
0-0: Ball 1-0: SINGLE (Groundball, 4MD, EV 100.6 MPH)
|
|
Batting: RHB Nick Kleckner
|
0-0: Fly out, F8 (Flyball, 78M, EV 93.1 MPH)
|
|
Batting: RHB Miguel Pacheco
|
0-0: Ball 1-0: Ball 2-0: Called Strike 2-1: Foul Ball, location: 2F 2-2: Strikes out swinging
|
|
Batting: RHB Tommy Ellington
|
0-0: Ball 1-0: SINGLE (Line Drive, 89S, EV 91.2 MPH) Corey Dalton to second Runner from 2nd tries for 3rd, SAFE, throw by RF made to third
|
|
Batting: RHB Kaoru Hamada
|
0-0: Ground out 6-3 (Groundball, 6S, EV 78.8 MPH)
|
| Top of the 2nd over - 0 runs, 2 hits, 0 errors, 2 left on base; Kannapolis 0 - Clinton 2 |
| BOTTOM OF THE 2ND |
|
Clinton LumberKings batting - Pitching for Kannapolis Intimidators : RHP Alje Velders
|
|
Batting: SHB Brendan Bundy
|
0-0: Ball 1-0: Ball 2-0: Called Strike 2-1: Foul Ball, location: 2F 2-2: Strikes out swinging
|
|
Batting: RHB Tai Joo
|
0-0: Foul Ball, location: 2F 0-1: Called Strike 0-2: Strikes out swinging, 2-3 out at first.
|
|
Batting: RHB David Greene
|
0-0: Ball 1-0: Ground out 4-3 (Groundball, 4, EV 80.6 MPH)
|
| Bottom of the 2nd over - 0 runs, 0 hits, 0 errors, 0 left on base; Kannapolis 0 - Clinton 2 |
| TOP OF THE 3RD |
|
Kannapolis Intimidators batting - Pitching for Clinton LumberKings : LHP Andy Mathis
|
|
Batting: LHB Jose Pereyra
|
0-0: Foul Ball, location: 2F 0-1: Ball 1-1: SINGLE (Groundball, 4MD, EV 105.6 MPH)
|
|
Batting: RHB Kunimatsu Oya
|
0-0: Called Strike 0-1: Foul Ball, location: 2F 0-2: Grounds into double play, 4-6-3 (Groundball, 4, EV 87.5 MPH)
|
|
Batting: SHB Andres Agudo
|
0-0: Ball 1-0: DOUBLE (Line Drive, 8RXD, EV 101.9 MPH)
|
|
Batting: RHB Tony Garcia
|
0-0: Ball 1-0: Foul Ball, location: 2F 1-1: Ball 2-1: Ball 3-1: Foul Ball, location: 2F 3-2: SINGLE (Line Drive, 9S, EV 104.4 MPH) Andres Agudo to third Runner from 3rd tries for Home, throw by RF and OUT! 9-2
|
| Top of the 3rd over - 0 runs, 3 hits, 0 errors, 1 left on base; Kannapolis 0 - Clinton 2 |
| BOTTOM OF THE 3RD |
|
Clinton LumberKings batting - Pitching for Kannapolis Intimidators : RHP Alje Velders
|
|
Batting: RHB Omar Solis
|
0-0: Swinging Strike 0-1: Called Strike 0-2: Ground out 1-3 (Groundball, 13S, EV 71.2 MPH)
|
|
Batting: LHB Chang Huie
|
0-0: Called Strike 0-1: Ball 1-1: Ball 2-1: Ball 3-1: Base on Balls
|
|
Batting: RHB Heitaro Tanaka
|
0-0: Foul Ball, location: 2F 0-1: Foul Ball, location: 2F 0-2: DOUBLE (Groundball, 5L, EV 101.9 MPH) Chang Huie to third
|
|
Batting: LHB Taki Matsui
|
0-0: Swinging Strike 0-1: Ball 1-1: Called Strike 1-2: Ball Passed Ball! Chang Huie scores Heitaro Tanaka to third 2-2: Ground out 4-3 (Groundball, 13, EV 93.1 MPH) Heitaro Tanaka scores
|
|
Batting: RHB Josh Ruhl
|
0-0: Swinging Strike 0-1: Swinging Strike 0-2: Ball 1-2: Ball 2-2: Foul Ball, location: 2F 2-2: Strikes out swinging
|
| Bottom of the 3rd over - 2 runs, 1 hit, 0 errors, 0 left on base; Kannapolis 0 - Clinton 4 |
| TOP OF THE 4TH |
|
Kannapolis Intimidators batting - Pitching for Clinton LumberKings : LHP Andy Mathis
|
|
Batting: RHB Corey Dalton
|
0-0: Ground out 4-3 (Groundball, 4, EV 77.5 MPH)
|
|
Batting: RHB Nick Kleckner
|
0-0: Ball 1-0: Swinging Strike 1-1: Called Strike 1-2: Strikes out swinging
|
|
Batting: RHB Miguel Pacheco
|
0-0: Foul Ball, location: 2F 0-1: Ball 1-1: Foul Ball, location: 2F 1-2: Ground out 4-3 (Groundball, 4M, EV 105.0 MPH)
|
| Top of the 4th over - 0 runs, 0 hits, 0 errors, 0 left on base; Kannapolis 0 - Clinton 4 |
| BOTTOM OF THE 4TH |
|
Clinton LumberKings batting - Pitching for Kannapolis Intimidators : RHP Alje Velders
|
|
Batting: LHB Nick McGraw
|
0-0: Ball 1-0: Ball 2-0: Ball 3-0: Base on Balls
|
|
Batting: SHB Brendan Bundy
|
0-0: Ball 1-0: Ball 2-0: Reached on error, E4 (Groundball, 4, EV 89.4 MPH) Nick McGraw to second
|
|
Batting: RHB Tai Joo
|
0-0: DOUBLE (Flyball, 8LXD, EV 100.6 MPH) Nick McGraw scores Brendan Bundy to third
|
|
Pitching: LHP Keith O'Brien
|
|
|
Batting: RHB David Greene
|
0-0: SINGLE (Groundball, 56, EV 97.5 MPH) (infield hit) Brendan Bundy scores Tai Joo to third
|
|
Batting: RHB Omar Solis
|
0-0: Ball 1-0: SINGLE (Line Drive, 6MD, EV 96.2 MPH) Tai Joo scores David Greene to second
|
|
Batting: LHB Chang Huie
|
0-0: SINGLE (Flyball, 9S, EV 95.0 MPH) David Greene to third Omar Solis to second
|
|
Batting: RHB Heitaro Tanaka
|
0-0: Ball 1-0: Ball 2-0: Ball 3-0: Base on Balls David Greene scores Omar Solis to third Chang Huie to second
|
|
Batting: LHB Taki Matsui
|
0-0: Swinging Strike 0-1: Foul Ball, location: 2F 0-2: Foul Ball, location: 2F 0-2: Fly out, F8 (Flyball, 89S, EV 90.0 MPH)
|
|
Batting: RHB Josh Ruhl
|
0-0: Called Strike 0-1: Ball 1-1: Swinging Strike 1-2: Ball 2-2: Foul Ball, location: 2F 2-2: Ball 3-2: Base on Balls Omar Solis scores Chang Huie to third Heitaro Tanaka to second
|
|
Batting: LHB Nick McGraw
|
0-0: Ball Wild Pitch! Chang Huie scores Heitaro Tanaka to third Josh Ruhl to second 1-0: Ball 2-0: Foul Ball, location: 2F 2-1: Ball 3-1: Swinging Strike 3-2: Foul Ball, location: 2F 3-2: Foul Ball, location: 2F 3-2: Fly out, F7 (Line Drive, 78S, EV 85.6 MPH)
|
|
Batting: SHB Brendan Bundy
|
0-0: Foul Ball, location: 2F 0-1: Called Strike 0-2: Foul Ball, location: 2F 0-2: Ball 1-2: Strikes out swinging
|
| Bottom of the 4th over - 6 runs, 4 hits, 1 error, 2 left on base; Kannapolis 0 - Clinton 10 |
| TOP OF THE 5TH |
|
Kannapolis Intimidators batting - Pitching for Clinton LumberKings : LHP Andy Mathis
|
|
Batting: RHB Tommy Ellington
|
0-0: Ball 1-0: Foul Ball, location: 2F 1-1: Ball 2-1: Swinging Strike 2-2: Ball 3-2: Fly out, F7 (Flyball, 7LM, EV 91.9 MPH)
|
|
Batting: RHB Kaoru Hamada
|
0-0: Ball 1-0: Ground out 6-3 (Groundball, 56, EV 83.8 MPH)
|
|
Batting: LHB Jose Pereyra
|
0-0: Swinging Strike 0-1: Foul Ball, location: 2F 0-2: Strikes out swinging
|
| Top of the 5th over - 0 runs, 0 hits, 0 errors, 0 left on base; Kannapolis 0 - Clinton 10 |
| BOTTOM OF THE 5TH |
|
Clinton LumberKings batting - Pitching for Kannapolis Intimidators : LHP Keith O'Brien
|
|
Batting: RHB Tai Joo
|
0-0: Called Strike 0-1: Ball 1-1: Fly out, F9 (Line Drive, 9, EV 93.8 MPH)
|
|
Batting: RHB David Greene
|
0-0: Called Strike 0-1: Foul Ball, location: 2F 0-2: Ball 1-2: Strikes out swinging
|
|
Batting: RHB Omar Solis
|
0-0: Ball 1-0: SINGLE (Line Drive, 9LM, EV 101.9 MPH)
|
|
Pitching: RHP Manny Cordova
|
|
|
Batting: LHB Chang Huie
|
0-0: Called Strike 0-1: Ground out 4-3 (Groundball, 4, EV 92.5 MPH)
|
| Bottom of the 5th over - 0 runs, 1 hit, 0 errors, 1 left on base; Kannapolis 0 - Clinton 10 |
| TOP OF THE 6TH |
|
Kannapolis Intimidators batting - Pitching for Clinton LumberKings : LHP Andy Mathis
|
|
Batting: RHB Kunimatsu Oya
|
0-0: Ground out 6-3 (Groundball, 6D, EV 105.0 MPH)
|
|
Batting: SHB Andres Agudo
|
0-0: Foul Ball, location: 2F 0-1: Ball 1-1: Called Strike 1-2: Foul Ball, location: 2F 1-2: Ground out 5-3 (Groundball, 56S, EV 89.4 MPH)
|
|
Batting: RHB Tony Garcia
|
0-0: Swinging Strike 0-1: Ball 1-1: Ball 2-1: Foul Ball, location: 2F 2-2: DOUBLE (Groundball, 5L, EV 103.8 MPH)
|
|
Batting: RHB Corey Dalton
|
0-0: Ground out 6-3 (Groundball, 6S, EV 91.9 MPH)
|
| Top of the 6th over - 0 runs, 1 hit, 0 errors, 1 left on base; Kannapolis 0 - Clinton 10 |
| BOTTOM OF THE 6TH |
|
Clinton LumberKings batting - Pitching for Kannapolis Intimidators : RHP Manny Cordova
|
|
Batting: RHB Heitaro Tanaka
|
0-0: Called Strike 0-1: Ball 1-1: Called Strike 1-2: Fly out, F8 (Flyball, 8LXD, EV 95.6 MPH)
|
|
Batting: LHB Taki Matsui
|
0-0: Swinging Strike 0-1: Ground out 5-3 (Groundball, 56, EV 81.2 MPH)
|
|
Batting: RHB Josh Ruhl
|
0-0: Called Strike 0-1: Foul Ball, location: 2F 0-2: Ball 1-2: Ball 2-2: Foul Ball, location: 2F 2-2: Ball 3-2: Foul Ball, location: 2F 3-2: Base on Balls
|
|
Batting: LHB Nick McGraw
|
0-0: Swinging Strike 0-1: Swinging Strike 0-2: Fly out, F8 (Flyball, 8LD, EV 96.9 MPH)
|
| Bottom of the 6th over - 0 runs, 0 hits, 0 errors, 1 left on base; Kannapolis 0 - Clinton 10 |
| TOP OF THE 7TH |
|
Kannapolis Intimidators batting - Pitching for Clinton LumberKings : LHP Andy Mathis
|
|
Batting: RHB Nick Kleckner
|
0-0: Fly out, F9 (Flyball, 9LM, EV 83.1 MPH)
|
|
Batting: RHB Miguel Pacheco
|
0-0: Called Strike 0-1: Ball 1-1: TRIPLE (Flyball, 78XD, EV 101.2 MPH)
|
|
Batting: RHB Tommy Ellington
|
0-0: Ground out U3 (Groundball, 3, EV 81.2 MPH)
|
|
Batting: RHB Kaoru Hamada
|
0-0: Ball 1-0: Foul Ball, location: 2F 1-1: Foul Ball, location: 2F 1-2: Strikes out looking
|
| Top of the 7th over - 0 runs, 1 hit, 0 errors, 1 left on base; Kannapolis 0 - Clinton 10 |
| BOTTOM OF THE 7TH |
|
Clinton LumberKings batting - Pitching for Kannapolis Intimidators : RHP Manny Cordova
|
|
Batting: SHB Brendan Bundy
|
0-0: Called Strike 0-1: Ground out 1-3 (Groundball, 13, EV 73.8 MPH)
|
|
Batting: RHB Tai Joo
|
0-0: Foul Ball, location: 2F 0-1: Ball 1-1: Ball 2-1: Swinging Strike 2-2: Foul Ball, location: 2F 2-2: Fly out, F9 (Flyball, 9D, EV 93.8 MPH)
|
|
Batting: RHB David Greene
|
0-0: Ground out 6-3 (Groundball, 6D, EV 100.0 MPH)
|
| Bottom of the 7th over - 0 runs, 0 hits, 0 errors, 0 left on base; Kannapolis 0 - Clinton 10 |
| TOP OF THE 8TH |
|
Kannapolis Intimidators batting - Pitching for Clinton LumberKings : LHP Andy Mathis
|
|
Pinch Hitting: RHB Luwen Storm
|
0-0: Ball 1-0: SINGLE (Groundball, 56S, EV 64.4 MPH) (infield hit)
|
|
Batting: RHB Kunimatsu Oya
|
0-0: Ball 1-0: Ball 2-0: Reached on error, E6 (Groundball, 56, EV 88.8 MPH) Luwen Storm to second
|
|
Batting: SHB Andres Agudo
|
0-0: Foul Ball, location: 2F 0-1: Called Strike 0-2: Grounds into double play, 6-4-3 (Groundball, 6, EV 85.6 MPH) Luwen Storm to third
|
|
Batting: RHB Tony Garcia
|
0-0: Ball 1-0: Ball 2-0: Ball 3-0: Base on Balls
|
|
Pitching: RHP Bob Gilliam
|
|
|
Batting: RHB Corey Dalton
|
0-0: Fly out, F9 (Flyball, 9LM, EV 88.8 MPH)
|
| Top of the 8th over - 0 runs, 1 hit, 1 error, 2 left on base; Kannapolis 0 - Clinton 10 |
| BOTTOM OF THE 8TH |
|
Clinton LumberKings batting - Pitching for Kannapolis Intimidators : RHP Manny Cordova
|
|
Pitching: RHP Shinya Ito
|
|
|
Now at 2B: Luwen Storm
|
|
|
Now in LF: Andres Agudo
|
|
|
Batting: RHB Omar Solis
|
0-0: Swinging Strike 0-1: Called Strike 0-2: Ball 1-2: Strikes out swinging
|
|
Batting: LHB Chang Huie
|
0-0: Ball 1-0: Foul Ball, location: 2F 1-1: Swinging Strike 1-2: Strikes out swinging
|
|
Batting: RHB Heitaro Tanaka
|
0-0: Ball 1-0: Ball 2-0: Ball 3-0: Called Strike 3-1: DOUBLE (Line Drive, 9LD, EV 104.4 MPH) - OUT at third base trying to stretch hit.
|
| Bottom of the 8th over - 0 runs, 1 hit, 0 errors, 0 left on base; Kannapolis 0 - Clinton 10 |
| TOP OF THE 9TH |
|
Kannapolis Intimidators batting - Pitching for Clinton LumberKings : RHP Bob Gilliam
|
|
Batting: RHB Nick Kleckner
|
0-0: Called Strike 0-1: Ground out 6-3 (Groundball, P, EV 76.2 MPH)
|
|
Pinch Hitting: LHB Ryan Dyal
|
0-0: Called Strike 0-1: Foul Ball, location: 2F 0-2: Strikes out swinging
|
|
Batting: RHB Tommy Ellington
|
0-0: Ball 1-0: Ball 2-0: Ground out 1-3 (Groundball, 13, EV 66.9 MPH)
|
| Top of the 9th over - 0 runs, 0 hits, 0 errors, 0 left on base; Kannapolis 0 - Clinton 10 |
|